 Dungeon Crawl Stone Soup version 0.30.0-19-g36f170ea60 (webtiles) character file.

Game seed: 8673282220300678777

500 Kranky the Shield-Bearer (level 6, 0/61 HPs)
             Began as a Troll Fighter on May 31, 2023.
             Slain by a ball python (3 damage)
             ... in a sewer.
             The game lasted 00:05:34 (1804 turns).

Kranky the Shield-Bearer (Troll Fighter)            Turns: 1804, Time: 00:05:34

Health: 0/61       AC:  5    Str: 25    XL:     6   Next: 94%
Magic:  5/5        EV:  7    Int:  6    God:
Gold:   128        SH: 11    Dex:  9    Spells: 5/5 levels left

rFire   . .          .
                       - Unarmed
rCold   . . .        v - +0 tower shield
rNeg    . . .        a - +0 robe
rPois   .            (helmet restricted)
rElec   .            s - +0 cloak
rCorr   .            (gloves unavailable)
SInv    .            (boots unavailable)
Will    +....        (no amulet)
Stlth   +            h - ring of willpower
HPRegen 1.10/turn    (no ring)
MPRegen 0.09/turn

%: no passive effects
@: no status effects
A: large, unfitting armour, claws 3, regeneration 1, shaggy fur 1, tough skin 1
a: no special abilities


You were in a sewer.
You visited 1 branch of the dungeon, and saw 3 of its levels.
You also visited: Sewer.

You collected 128 gold pieces.

Inventory:

Hand Weapons
 t - the +9 hand axe of Owni {venom, +Blink rPois rC+ Int-4}
   (You found it on level 2 of the Dungeon)

   Int:       It affects your intelligence (-4).
   rC:        It protects you from cold.
   rPois:     It protects you from poison.
   +Blink:    It lets you blink.
Armour
 a - a +0 robe (worn)
 b - a +0 kite shield
 s - a +0 cloak (worn)
 v - a +0 tower shield (worn)
Jewellery
 h - a ring of willpower (left claw)
Wands
 g - a wand of flame (27)
Scrolls
 d - 2 scrolls of enchant armour {unknown}
 e - a scroll of enchant weapon {unknown}
 f - 2 scrolls of teleportation {unknown}
 i - a scroll of butterflies {unknown}
 j - a scroll of brand weapon {unknown}
 m - 2 scrolls of blinking {unknown}
 n - 2 scrolls of identify {unknown}
 r - a scroll of fear {unknown}
 u - a scroll of immolation {unknown}
Potions
 c - a potion of might
 k - 2 potions of haste {unknown}
 l - 2 potions of curing {unknown}
 o - a potion of attraction {unknown}
 p - 2 potions of heal wounds {unknown}
 q - a potion of mutation {unknown}


   Skills:
 + Level 3.6 Fighting
 + Level 2.4 Armour
 + Level 3.6 Dodging
 + Level 4.0 Shields
 + Level 3.7 Unarmed Combat


You had 5 spell levels left.
You didn't know any spells.
Your spell library was empty.

Dungeon Overview and Level Annotations

Branches:
Dungeon (3/15)              Sewer (1/1)

Altars:


Innate Abilities, Weirdness & Mutations

You are too large for most types of armour.
You have claws for hands.
Your natural rate of healing is unusually fast.
You are covered in fur. (AC +1)
You have tough skin. (AC +1)


Message History

Unknown command.
You scratch the endoplasm.
The endoplasm is moderately wounded.
You block the ball python's attack. You block the endoplasm's attack.
You block the river rat's attack.
You barely miss the endoplasm.
The endoplasm is moderately wounded.
You block the ball python's attack. The endoplasm freezes you.
You are frozen.
* * * LOW HITPOINT WARNING * * *
You block the river rat's attack.
You barely miss the endoplasm.
The endoplasm is moderately wounded.
The ball python bites you.
* * * LOW HITPOINT WARNING * * *
You block the endoplasm's attack. You block the river rat's attack.
The ball python bites you.
* * * LOW HITPOINT WARNING * * *
You claw the endoplasm!
You kill the endoplasm!
You block the ball python's attack.
The river rat bites you but does no damage.
Unknown command.
You barely miss the river rat. The ball python bites you.
* * * LOW HITPOINT WARNING * * *
You block the river rat's attack. The ball python bites you.
* * * LOW HITPOINT WARNING * * *
Unknown command.
You scratch the river rat.
The river rat is heavily wounded.
You are no longer corroded.
You block the river rat's attack. The ball python bites you.
* * * LOW HITPOINT WARNING * * *
You block the river rat's attack.
You barely miss the river rat.
The river rat is heavily wounded.
You block the ball python's attack. The river rat barely misses you.
The ball python bites you.
You die...

#####..## #.~.#
.r..#~.~##~.~~
.~..~~~#~~.#
#~~~.~.~~# ~~~...~#
##~.†.# ~ ##~.†..##
...~###r..~~..##
#~..~~.@~##~~.~###
##~.~.~S####~.~~~##
####~.## ##..~~~#
#~~ ###~~.# #~.
##††## ##~ #~.~# ##
##.~# ##########
#.~# #.~......#
#..#


You could see a river rat and a ball python.

Vanquished Creatures
  Grinder (D:3)
  An ogre (D:3)
  A jelly (Sewer)
  Crazy Yiuf (D:2)
  Jessica (D:2)
  3 adders
  A river rat (Sewer)
  2 dart slugs
  A worm (D:3)
  7 endoplasms
  3 giant cockroaches
  5 goblins (D:2)
  7 hobgoblins
  11 jackals
  3 quokkas
  8 ball pythons
  3 bats
  3 frilled lizards
  7 kobolds
  9 rats
78 creatures vanquished.

Notes
Turn   | Place    | Note
-------+----------+-------------------------------------------
     0 | D:1      | Kranky the Troll Fighter began the quest for the Orb.
     0 | D:1      | Reached XP level 1. HP: 22/22 MP: 0/0
   100 | D:1      | Found a faded altar of an unknown god.
   130 | D:1      | Reached XP level 2. HP: 29/29 MP: 1/1
   630 | D:2      | Noticed Jessica
   643 | D:2      | Killed Jessica
   644 | D:2      | Reached skill level 1 in Armour
   644 | D:2      | Reached skill level 3 in Shields
   644 | D:2      | Reached XP level 3. HP: 29/36 MP: 2/2
   762 | D:2      | Reached XP level 4. HP: 44/44 MP: 3/3
   883 | D:2      | Found a runed translucent door.
   884 | D:2      | Noticed Crazy Yiuf
   922 | D:2      | Identified the +9 hand axe of Owni {venom, +Blink rPois rC+
                  | Int-4}
  1368 | D:2      | Killed Crazy Yiuf
  1473 | D:3      | Found a glowing drain.
  1475 | D:3      | Noticed Grinder
  1477 | D:3      | Noticed an ogre
  1493 | D:3      | Reached XP level 5. HP: 53/53 MP: 4/4
  1505 | D:3      | Killed an ogre
  1551 | D:3      | Paralysed by Grinder for 4 turns
  1562 | D:3      | Killed Grinder
  1563 | D:3      | Reached XP level 6. HP: 45/61 MP: 5/5
  1679 | Sewer    | Entered a sewer
  1797 | Sewer    | Reached skill level 4 in Shields
  1800 | Sewer    | HP: 3/61 [ball python (1)]
  1802 | Sewer    | HP: 1/61 [ball python (2)]
  1804 | Sewer    | Slain by a ball python

Illustrated notes

Levels and vault maps discovered:
D:1:      saegor_arrival_simple_b, layout_rooms,
          hellmonk_ecumenical_altar_lost_god
D:2:      layout_loops_ring, uniq_jessica, uniq_crazy_yiuf_cottage
D:3:      lemuel_castle_with_subvaults [lemuel_castle_interior_original],
          layout_basic, portal_sewer_entry_a, uniq_grinder
Sewer:    sewer_hellmonk_slimy_pipes

Skill      XL: |  1  2  3  4  5  6 |
---------------+-------------------+-----
Armour         | 1 2 |  2.4
Shields        | 3 4 |  4.0
Fighting       | 3 |  3.6
Dodging        | 3 |  3.6
Unarmed Combat | 3 |  3.7

Action                     |  1- 3 |  4- 6 || total
---------------------------+-------+-------++-------
  Melee: Unarmed           |    80 |   173 ||   253
 Armour: Robe              |    25 |    54 ||    79
  Dodge: Dodged            |    22 |    76 ||    98
  Block: Kite shield       |    32 |    41 ||    73
         Tower shield      |       |    58 ||    58
